 Dungeon Crawl Stone Soup version 0.22-a0-266-g5fdf0d7 (webtiles) character file.

755 pkoi the Slasher (level 7, -3/62 HPs)
             Began as a Deep Dwarf Fighter on Mar 8, 2018.
             Succumbed to an orc wizard's poison
             ... on level 5 of the Dungeon.
             The game lasted 00:08:06 (2427 turns).

pkoi the Slasher (Deep Dwarf Fighter)               Turns: 2427, Time: 00:08:07

Health: -3/62      AC: 15    Str: 21    XL:     7   Next: 49%
Magic:  7/7        EV:  7    Int:  9    God:
Gold:   145        SH:  9    Dex: 12    Spells: 6/6 levels left

rFire    . . .     SeeInvis .   a - +1 long sword
rCold    . . .     Gourm    .   c - +0 shield
rNeg     . . .     Faith    .   b - +0 scale mail
rPois    .         Spirit   .   t - +0 helmet
rElec    .         Reflect  .   o - +0 cloak
rCorr    .         Harm     .   (no gloves)
MR       ++...                  (no boots)
Stlth    ..........             (no amulet)
HPRegen  0.00/turn              h - +6 ring of protection
MPRegen  0.10/turn              l - ring of protection from magic

@: lethally poisoned (-3 -> -35), non-regenerating
A: damage resistance, heal wounds, sense surroundings 1, no regeneration
a: Heal Wounds


You were on level 5 of the Dungeon.
You were not hungry.

You visited 1 branch of the dungeon, and saw 5 of its levels.

You collected 145 gold pieces.

Inventory:

Hand Weapons
 a - a +1 long sword (weapon)
 s - a +1 dagger of venom
Missiles
 x - 6 tomahawks (quivered)
Armour
 b - a +0 scale mail (worn)
 c - a +0 shield (worn)
 o - a +0 cloak (worn)
 t - a +0 helmet (worn)
Jewellery
 g - an uncursed ring of ice {unknown}
 h - a +6 ring of protection (left hand)
 l - a ring of protection from magic (right hand)
 r - an uncursed ring of flight {unknown}
Scrolls
 i - 6 scrolls of identify
 j - 3 scrolls of remove curse
 k - 2 scrolls of teleportation
 m - 2 scrolls of amnesia
 q - a scroll of fear
 u - a scroll of blinking {unknown}
 v - a scroll of fog {unknown}
Potions
 d - a potion of might
 e - 3 potions of haste
 n - a potion of cancellation
 w - a potion of mutation {unknown}
Comestibles
 f - 5 rations
 p - 8 chunks of flesh


   Skills:
 + Level 3.5 Fighting
 + Level 6.8 Long Blades
 + Level 2.0 Throwing
 + Level 4.3 Armour
 + Level 4.3 Shields


You had 6 spell levels left.
You didn't know any spells.

Dungeon Overview and Level Annotations

Branches:
Dungeon (5/15)
 Temple: D:4-7

Altars:
Fedhas

Annotations:
D:2 Sigmund
D:4 indyram44's ghost, amateur DsMo


Innate Abilities, Weirdness & Mutations

You are resistant to damage.
You can heal yourself by infusing magical energy.
You passively map a small area around you.
You do not regenerate.


Message History

Something hits you but does no damage.
You are poisoned.
You closely miss something. Something hits you but does no damage.
You are more poisoned.
You closely miss something. Something hits you but does no damage.
You are lethally poisoned!
You barely miss something.
* * * LOW HITPOINT WARNING * * *
You feel very sick. Something hits you but does no damage.
You are more poisoned.
Something hits you but does no damage.
You are more poisoned.
You hit something.
* * * LOW HITPOINT WARNING * * *
You feel very sick. Something hits you but does no damage.
You are more poisoned.
You hit something but do no damage.
You die...

##.#####.......#
#.# #.# #.#
######### #.#
#.# #.# #.# #.#
#.# ######.# , ,
#.# #......# * *
#.# #.###### ,
#.# #.# *#.# #[#
#@# #{# * #S# ,
* #)# * #..# ***
* * ##.#* ,, * #
, .# # , .# , #
* *.# ,,, ,


You could see an adder.

Vanquished Creatures
  An ogre (D:5)
  A bullfrog (D:5)
  A howler monkey (D:4)
  4 hounds
  3 orc priests (D:5)
  An orc wizard (D:5)
  An iguana (D:5)
  3 worker ants
  Natasha (twice) (D:2)
  A hound skeleton (D:3)
  7 adders
  An ooze (D:2)
  An adder skeleton (D:5)
  A dart slug (D:1)
  3 leopard geckos
  13 orcs
  3 ball pythons
  6 giant cockroaches
  5 hobgoblins
  5 jackals
  6 quokkas
  6 bats
  6 frilled lizards
  10 goblins
  9 kobolds
  6 rats
106 creatures vanquished.

Notes
Turn   | Place    | Note
-------+----------+-------------------------------------------
     0 | D:1      | pkoi the Deep Dwarf Fighter began the quest for the Orb.
     0 | D:1      | Reached XP level 1. HP: 20/20 MP: 1/1
    49 | D:1      | Reached XP level 2. HP: 22/27 MP: 2/2
   215 | D:1      | Reached skill level 3 in Long Blades
   552 | D:1      | Reached XP level 3. HP: 26/33 MP: 3/3
   634 | D:2      | Reached skill level 4 in Long Blades
   815 | D:2      | Reached XP level 4. HP: 27/40 MP: 4/4
   820 | D:2      | Noticed Sigmund
   907 | D:2      | Noticed Natasha
   922 | D:2      | Killed Natasha
   922 | D:2      | Reached skill level 5 in Long Blades
  1050 | D:2      | Noticed Natasha
  1061 | D:2      | Killed Natasha
  1061 | D:2      | Reached XP level 5. HP: 39/46 MP: 5/5
  1704 | D:4      | Reached skill level 6 in Long Blades
  1871 | D:4      | Reached XP level 6. HP: 51/55 MP: 6/6
  1959 | D:4      | Found a blossoming altar of Fedhas.
  1965 | D:4      | Noticed indyram44's ghost (amateur DsMo)
  2002 | D:5      | Entered Level 5 of the Dungeon
  2043 | D:5      | Reached skill level 1 in Throwing
  2257 | D:5      | Reached XP level 7. HP: 47/62 MP: 7/7
  2426 | D:5      | HP: 1/62 [poisoned by an orc wizard]
  2427 | D:5      | Succumbed to an orc wizard's poison

Vault maps used:
D:1:      lightli_iron_boxes
D:2:      kennysheep_generic_room_5, uniq_sigmund, uniq_natasha
D:3:      cheibrodos_old_hovel, serial_forest, infiniplex_forest_clump_medium,
          infiniplex_forest_clump_large, infiniplex_forest_corner_1,
          infiniplex_forest_join, infiniplex_forest_clump_diagonal, first_ration
D:4:      kennysheep_goblin_castle, fedhas_altar_3
D:5:      serial_shops, shop, grunt_decor_fettered

Skill      XL: |  1  2  3  4  5  6  7 |
---------------+----------------------+-----
Long Blades    | 3 4 5 6 |  6.8
Fighting       | 3 |  3.5
Throwing       | 1 2 |  2.0
Shields        | 4 |  4.3
Armour         | 4 |  4.3

Action                   |  1- 3 |  4- 6 |  7- 9 || total
-------------------------+-------+-------+-------++-------
Melee: Long sword        |   128 |   225 |    47 ||   400
  Use: Potion            |     3 |     6 |       ||     9
       Scroll            |     3 |     4 |     1 ||     8
  Eat: Chunk             |       |     5 |     1 ||     6
Armor: Scale mail        |    65 |   132 |    22 ||   219
Dodge: Dodged            |    36 |    82 |     8 ||   126
Block: Shield            |    62 |   109 |     9 ||   180
       Rpst.: Long sword |    11 |    25 |     4 ||    40

Table legend:
 A = Spawn XP
 B = Non-spawn XP
 C = Spawn XP percentage of total XP
 D = Spawn monster count
 E = Non-spawn monster count
 F = Spawn count percentage of total count
 G = Total turns spent on level
                    A         B        C        D         E        F      G
               +---------+---------+-------+---------+---------+-------+---------
         Total |       0 |    1079 |   0.0 |       0 |     106 |   0.0 |  2427
               +---------+---------+-------+---------+---------+-------+---------
           D:1 |       0 |      55 |   0.0 |       0 |      28 |   0.0 |   652
           D:2 |       0 |     148 |   0.0 |       0 |      24 |   0.0 |   419
           D:3 |       0 |      85 |   0.0 |       0 |      23 |   0.0 |   629
           D:4 |       0 |     227 |   0.0 |       0 |      11 |   0.0 |   302
           D:5 |       0 |     564 |   0.0 |       0 |      20 |   0.0 |   425
               +---------+---------+-------+---------+---------+-------+---------
